 Dungeon Crawl Stone Soup version 0.30-a0-948-g4fa250aae5 (webtiles) character file.

Game seed: 1526398231786928514

82 voltaire321 the Insei (level 4, -7/29 HPs)
             Began as an Octopode Transmuter on Mar 26, 2023.
             Killed from afar by an orc wizard (8 damage)
             ... with a puff of flame
             ... on level 3 of the Dungeon.
             The game lasted 00:04:45 (1856 turns).

voltaire321 the Insei (Octopode Transmuter)         Turns: 1856, Time: 00:04:46

Health: -7/29      AC:  1    Str:  9    XL:     4   Next: 43%
Magic:  7/7        EV: 13    Int: 15    God:
Gold:   190        SH:  0    Dex: 14    Spells: 3/7 levels left

rFire   . . .      SeeInvis .    b - +2 dagger (speed)
rCold   . . .      Faith    .    (no shield)
rNeg    . . .      Spirit   .    (helmet restricted)
rPois   .          Reflect  .    (no amulet)
rElec   .          Rampage  .    (no ring)
rCorr   .                        (no ring)
Will    .....                    (no ring)
Stlth   +++                      (no ring)
HPRegen 0.24/turn                (no ring)
MPRegen 0.10/turn                (no ring)
                                 (no ring)
                                 (no ring)

@: no status effects
A: almost no armour, amphibious, 8 rings, camouflage 1, gelatinous body 1,
(nimble swimmer 1), tentacles
a: no special abilities


You were on level 3 of the Dungeon.
You visited 1 branch of the dungeon, and saw 3 of its levels.

You collected 190 gold pieces.

Inventory:

Hand Weapons
 b - a +2 dagger of speed (weapon)
Missiles
 d - a poisoned dart
 e - a throwing net (quivered)
Scrolls
 c - 2 scrolls of amnesia {unknown}
 f - 2 scrolls of identify {unknown}
 g - 3 scrolls of enchant armour {unknown}
 h - 2 scrolls of magic mapping {unknown}
 l - a scroll of blinking {unknown}
 n - a scroll of immolation {unknown}
 o - a scroll of teleportation {unknown}
Potions
 a - 2 potions of lignification
 i - a potion of might {unknown}
 j - a potion of curing {unknown}
 k - 2 potions of attraction {unknown}
 m - a potion of heal wounds {unknown}


   Skills:
 + Level 1.8 Fighting
 - Level 1.0 Throwing
 + Level 2.4 Dodging
 + Level 1.1 Stealth
 + Level 3.4 Unarmed Combat
 + Level 2.4 Spellcasting
 + Level 2.4 Transmutations
 * Level 0.3 Poison Magic


You had 3 spell levels left.
You knew the following spells:

 Your Spells              Type           Power      Damage    Failure   Level
a - Beastly Appendage     Tmut           18%        N/A       8%          1
b - Spider Form           Tmut/Pois      6%         N/A       34%         3

Your spell library contained the following spells:

 Spells                   Type           Power      Damage    Failure   Level
 Wereblood                Tmut           9%         N/A       12%         2
 Dazzling Flash           Conj/Hex       2%         N/A       54%         3
 Ice Form                 Ice/Tmut       5%         N/A       77%         4
 Agony                    Necr           1%         N/A       99%         5
 Silence                  Hex/Air        0%         N/A       99%         5


Dungeon Overview and Level Annotations

Branches:
Dungeon (3/15)

Altars:


Innate Abilities, Weirdness & Mutations

You cannot wear most types of armour.
You are amphibious.
You can wear up to eight rings at the same time.
Your skin changes colour to match your surroundings (Stealth+).
Your rubbery body absorbs attacks. (AC +1, EV +1)
((You are camouflaged when in or above water. (Stealth+)))
You have tentacles for arms and can constrict up to eight enemies at once.


Message History

You kill the orc!
Your tentacle spike disappears.
Found a stone staircase leading up.
You hit the orc. Your grab misses the orc.
The orc is moderately wounded.
You hit the orc. You grab the orc. You squeeze the orc.
The orc is severely wounded.
You constrict the orc. The orc misses you. Something hits you.
You hit the orc.
You kill the orc!
Something hits you.
You miss something. You hit something but do no damage. You squeeze something.
Something hits you.
You hit something. Something hits you.
You hit something. You miss something.
You hear some strange, mumbled words.
You are confused.
Things that are here:
a +0 hand axe; a +0 club You barely miss something.
Something hits you.
You're too confused to move!
You hear some strange, mumbled words.
Something tries to affect you, but you resist.
You hear some strange, mumbled words.
A magic dart appears from out of thin air!
The magic dart hits you.
Things that are here:
a +0 flail; a +0 ring mail You hear some strange, mumbled words.
A puff of flame appears from out of thin air!
The puff of flame hits you.
* * * LOW HITPOINT WARNING * * *
You're too confused to move!
Something hits you.
* * * LOW HITPOINT WARNING * * *
You feel less confused.
You hear some strange, mumbled words.
A puff of flame appears from out of thin air!
The puff of flame hits you!
You die...

##..........
#...........
#...#.<....#
#..........
#.........
#......#.#
#....)##.#
#..@.{)..# ##
#...#)...# .#
#...####.# .#
#........###.##
#....##........#
+.....+........#
#...###........#
.... #........#
#........#


There were no monsters in sight!

Vanquished Creatures
  2 adders (D:2)
  2 worms (D:2)
  4 orcs (D:3)
  8 bats
  4 endoplasms
  4 giant cockroaches
  8 goblins
  4 hobgoblins
  A quokka (D:2)
  3 ball pythons (D:1)
  3 frilled lizards
  5 kobolds (D:2)
  4 rats
52 creatures vanquished.

Notes
Turn   | Place    | Note
-------+----------+-------------------------------------------
     0 | D:1      | voltaire321 the Octopode Transmuter began the quest for the
                  | Orb.
     0 | D:1      | Reached XP level 1. HP: 13/13 MP: 3/3
   189 | D:1      | Reached XP level 2. HP: 7/18 MP: 3/5
   949 | D:2      | Reached XP level 3. HP: 23/23 MP: 4/6
  1030 | D:2      | Reached skill level 1 in Throwing
  1247 | D:2      | Reached skill level 1 in Stealth
  1247 | D:2      | Reached XP level 4. HP: 23/28 MP: 5/7
  1485 | D:2      | Learned a level 3 spell: Spider Form
  1855 | D:3      | HP: 1/29 [something (3)]
  1856 | D:3      | Killed from afar by an orc wizard

Illustrated notes

Levels and vault maps discovered:
D:1:      minmay_arrival_shattered_statue, layout_basic, minmay_pentomino_o4
D:2:      minmay_inner_zag, layout_basic, minmay_misc_feat_roman
D:3:      layout_basic, grunt_temple_overflow_open,
          hellmonk_ecumenical_altar_leap_of_faith, uniq_grinder

Skill      XL: |  1  2  3 |
---------------+----------+-----
Throwing       | 1 |  1.0
Stealth        | 1 |  1.1
Fighting       | |  1.8
Dodging        | |  2.4
Unarmed Combat | |  3.4
Spellcasting   | |  2.4
Transmutations | |  2.4
Poison Magic   | |  0.3

Action                     |  1- 3 |  4- 6 || total
---------------------------+-------+-------++-------
  Melee: Dagger            |    72 |    30 ||   102
         Constrict         |    23 |     7 ||    30
         Kick              |    14 |     8 ||    22
         Unarmed           |     4 |       ||     4
         Tentacles         |     7 |     4 ||    11
         Punch             |     2 |       ||     2
  Throw: Dart              |     3 |     1 ||     4
   Cast: Beastly Appendage |    14 |     4 ||    18
   Stab: Sleeping          |     7 |     3 ||    10
 Armour: Skin              |    11 |       ||    11
  Dodge: Dodged            |    46 |     9 ||    55

Table legend: (Time is in decaauts)
 A = Elapsed time spent in this place.
 B = Non-inter-level travel time spent in this place.
 C = Inter-level travel time spent in this place.
 D = Time resting spent in this place.
 E = Time spent auto-exploring this place.
 F = Levels seen in this place.
 G = Mean time per level.
                   A        B        C        D        E       F      G
               +--------+--------+--------+--------+--------+-----+--------+
         Total |   1846 |   1736 |    110 |    154 |   1167 |   3 |  615.3 |
       Dungeon |   1846 |   1736 |    110 |    154 |   1167 |   3 |  615.3 |
               +--------+--------+--------+--------+--------+-----+--------+

Top non-repeatable levels by time:
     D:1: 891 daAuts
     D:2: 865 daAuts
     D:3: 89 daAuts
